 Dungeon Crawl Stone Soup version 0.30-a0-726-gd89dcf765f (webtiles) character file.

Game seed: 5027493414687689089

78 jimonade the Twirler (level 4, 0/23 HPs)
             Began as a Vine Stalker Gladiator on Jan 29, 2023.
             Slain by Crazy Yiuf
             ... wielding a +4 quarterstaff of chaos
              (6 damage)
             ... on level 2 of the Dungeon.
             The game lasted 00:02:24 (1596 turns).

jimonade the Twirler (Vine Stalker Gladiator)       Turns: 1596, Time: 00:02:25

Health: 0/23       AC:  6    Str: 19    XL:     4   Next: 36%
Magic:  0/5        EV: 12    Int:  8    God:
Gold:   121        SH:  0    Dex: 15    Spells: 3/3 levels left

rFire   . . .      SeeInvis .    a - +0 quarterstaff
rCold   . . .      Faith    .    (shield currently unavailable)
rNeg    . . .      Spirit   +    r - +0 ring mail
rPois   .          Reflect  .    c - +0 helmet
rElec   .          Harm     .    (no cloak)
rCorr   .          Rampage  .    (no gloves)
Will    .....                    (no boots)
Stlth   +                        (no amulet)
HPRegen 1.03/turn                t - ring of flight
MPRegen 0.09/turn                (no ring)

@: flying
A: fangs 2, regeneration 1, magic shield, antimagic bite, no potion heal 2
a: no special abilities


You were on level 2 of the Dungeon.
You visited 1 branch of the dungeon, and saw 2 of its levels.

You collected 121 gold pieces.

Inventory:

Hand Weapons
 a - a +0 quarterstaff (weapon)
 m - a +0 dagger
 n - a +0 short sword
Missiles
 d - 3 throwing nets (quivered)
 e - a javelin
Armour
 b - a +0 leather armour
 c - a +0 helmet (worn)
 r - a +0 ring mail (worn)
Jewellery
 t - a ring of flight (left hand)
Scrolls
 g - 3 scrolls of fear {unknown}
 j - 2 scrolls of poison {unknown}
 k - a scroll of enchant weapon {unknown}
 o - 2 scrolls of vulnerability {unknown}
 q - a scroll of identify {unknown}
 s - a scroll of amnesia {unknown}
 u - a scroll of immolation {unknown}
 v - a scroll of fog {unknown}
Potions
 f - a potion of flight {unknown}
 h - a potion of curing {unknown}
 i - 2 potions of brilliance {unknown}
 l - a potion of lignification {unknown}
 p - 2 potions of heal wounds {unknown}


   Skills:
 + Level 2.2 Fighting
 + Level 3.6 Staves
 + Level 1.8 Throwing
 + Level 0.8 Armour
 + Level 2.9 Dodging
 + Level 0.3 Stealth


You had 3 spell levels left.
You didn't know any spells.
Your spell library was empty.

Dungeon Overview and Level Annotations

Branches:
Dungeon (2/15)

Altars:

Annotations:
D:2 Crazy Yiuf


Innate Abilities, Weirdness & Mutations

You have extremely sharp teeth.
Your natural rate of healing is unusually fast.
When hurt, damage is shared between your health and your magic reserves.
Your bite disrupts and absorbs the magic of your enemies.
Potions cannot restore your health.


Message History

The ball python barely misses you. The ball python grabs you.
The ball python constricts you. The ball python closely misses you.
The ball python constricts you.
You barely miss the ball python. You bite the ball python. You drain its power.
You feel invigorated.
The ball python is moderately wounded.
The ball python barely misses you. The ball python constricts you.
You thump the ball python!
You kill the ball python!
No target in view!
No target in view!
You see here a ball python corpse.
Found a runed translucent door.
Crazy Yiuf shouts!
You reach down and open the door.
Crazy Yiuf drinks a potion.
Crazy Yiuf seems to grow stronger.
Crazy Yiuf hits you with a +4 quarterstaff of chaos!
There is an open translucent door here.
You hit Crazy Yiuf but do no damage. You bite Crazy Yiuf. You drain his power.
You feel invigorated.
Crazy Yiuf is moderately wounded.
Crazy Yiuf misses you.
You hit Crazy Yiuf but do no damage. You bite Crazy Yiuf. You drain his power.
Crazy Yiuf is moderately wounded.
Crazy Yiuf barely misses you.
You hit Crazy Yiuf. You bite Crazy Yiuf. You drain his power.
Crazy Yiuf is severely wounded.
Crazy Yiuf hits you with a +4 quarterstaff of chaos!
Crazy Yiuf burns you.
You barely miss Crazy Yiuf. Your bite misses Crazy Yiuf.
Crazy Yiuf is severely wounded.
Crazy Yiuf hits you with a +4 quarterstaff of chaos.
Crazy Yiuf burns you.
* * * LOW HITPOINT WARNING * * *
You closely miss Crazy Yiuf. Your bite misses Crazy Yiuf.
Crazy Yiuf is severely wounded.
Crazy Yiuf misses you.
Crazy Yiuf sings, "Trees, trees, trees, circus!"
Crazy Yiuf hits you with a +4 quarterstaff of chaos!
You die...

####♣♣ #### ##..#.♣♣ ♣♣#..)#
#......♣♣♣♣.@g..#
#.......♣..♣#...#
#.#†#P.♣.♣♣♣ #### ######
#..##♣♣♣♣♣ #....# ## ##.#
#....# #. #†## #######....#
#.
#..#########..........#####.
##..........................
###########..........######


You could see Crazy Yiuf (strong).

Vanquished Creatures
  2 adders (D:2)
  A worm (D:2)
  A dart slug (D:1)
  4 ball pythons
  2 bats (D:2)
  4 endoplasms
  3 giant cockroaches
  8 goblins
  4 hobgoblins
  4 jackals (D:1)
  3 kobolds (D:1)
  3 quokkas
  6 frilled lizards
  4 rats
49 creatures vanquished.

Vanquished Creatures (others)
  2 fungi (D:2)
  8 plants (D:2)
10 creatures vanquished.

Grand Total: 59 creatures vanquished

Notes
Turn   | Place    | Note
-------+----------+-------------------------------------------
     0 | D:1      | jimonade the Vine Stalker Gladiator began the quest for the
                  | Orb.
     0 | D:1      | Reached XP level 1. HP: 11/11 MP: 2/2
    53 | D:1      | Reached XP level 2. HP: 14/15 MP: 3/3
    70 | D:1      | Reached skill level 3 in Staves
   397 | D:1      | Reached XP level 3. HP: 18/18 MP: 4/4
   535 | D:1      | Found a faded altar of an unknown god.
  1375 | D:2      | Gained mutation: Your natural rate of healing is unusually
                  | fast. [Vine Stalker growth]
  1375 | D:2      | Reached XP level 4. HP: 23/23 MP: 5/5
  1586 | D:2      | Found a runed translucent door.
  1587 | D:2      | Noticed Crazy Yiuf
  1596 | D:2      | Slain by Crazy Yiuf

Illustrated notes

Levels and vault maps discovered:
D:1:      elethiomel_arrival_infinity_welcomes_careful_drivers,
          layout_loops_ring, hellmonk_ecumenical_altar_zigzags
D:2:      layout_rooms, serial_forest, infiniplex_forest_zigzag_1,
          infiniplex_forest_end_3, infiniplex_forest_zigzag_1,
          infiniplex_forest_lined_3_way, infiniplex_forest_clump_small,
          uniq_crazy_yiuf_cottage

Skill      XL: |  1  2 |
---------------+-------+-----
Staves         | 3 |  3.6
Fighting       | 2 |  2.2
Throwing       | |  1.8
Armour         | |  0.8
Dodging        | |  2.9
Stealth        | |  0.3

Action                     |  1- 3 |  4- 6 || total
---------------------------+-------+-------++-------
  Melee: Quarterstaff      |   101 |    22 ||   123
         Bite              |    13 |     6 ||    19
   Stab: Sleeping          |     1 |       ||     1
 Armour: Leather armour    |    23 |       ||    23
         Ring mail         |     9 |     8 ||    17
  Dodge: Dodged            |    58 |    17 ||    75

Table legend: (Time is in decaauts)
 A = Elapsed time spent in this place.
 B = Non-inter-level travel time spent in this place.
 C = Inter-level travel time spent in this place.
 D = Time resting spent in this place.
 E = Time spent auto-exploring this place.
 F = Levels seen in this place.
 G = Mean time per level.
                   A        B        C        D        E       F      G
               +--------+--------+--------+--------+--------+-----+--------+
         Total |   1612 |   1589 |     23 |      0 |   1245 |   2 |  806.0 |
       Dungeon |   1612 |   1589 |     23 |      0 |   1245 |   2 |  806.0 |
               +--------+--------+--------+--------+--------+-----+--------+

Top non-repeatable levels by time:
     D:1: 974 daAuts
     D:2: 638 daAuts
